 Dungeon Crawl Stone Soup version 0.20.0-3-g22ec75f (webtiles) character file.

130 Peloso the Shield-Bearer (level 4, -1/40 HPs)
             Began as a Minotaur Fighter on May 27, 2017.
             Slain by an adder (4 damage)
             ... on level 3 of the Dungeon.
             The game lasted 00:06:44 (2290 turns).

Peloso the Shield-Bearer (Minotaur Fighter)         Turns: 2290, Time: 00:06:44

Health: -1/40      AC: 12    Str: 20    XL:     4   Next: 90%
Magic:  3/3        EV:  7    Int:  5    God:
Gold:   165        SH: 10    Dex: 14    Spells: 3/3 levels left

rFire    . . .     SeeInvis .   a - +0 long sword
rCold    . . .     Gourm    .   c - +0 shield
rNeg     . . .     Faith    +   b - +0 scale mail
rPois    .         Spirit   .   (helmet restricted)
rElec    .         Reflect  .   (no cloak)
rCorr    .         Harm     .   (no gloves)
MR       .....                  (no boots)
Stlth    ..........             l - amulet of faith
Regen    0.2/turn               e - +3 ring of dexterity
MPRegen  0.1/turn               i - +5 ring of protection

@: no status effects
A: retaliatory headbutt, horns 2
a: no special abilities


You were on level 3 of the Dungeon.
You were not hungry.

You visited 1 branch of the dungeon, and saw 3 of its levels.

You collected 165 gold pieces.

Inventory:

Hand Weapons
 a - a +0 long sword (weapon)
Armour
 b - a +0 scale mail (worn)
 c - a +0 shield (worn)
Jewellery
 e - a +3 ring of dexterity (left hand)
 i - a +5 ring of protection (right hand)
 l - an amulet of faith (around neck)
Wands
 n - a wand of clouds (3/9)
Scrolls
 g - 5 scrolls of identify {unknown}
 j - a scroll of teleportation {unknown}
 o - 2 scrolls of enchant armour {unknown}
 p - a scroll of blinking {unknown}
 r - a scroll of fear {unknown}
 s - a scroll of enchant weapon {unknown}
 v - a scroll of recharging {unknown}
Potions
 d - a potion of might
 h - a potion of brilliance {unknown}
 k - a potion of haste {unknown}
 m - a potion of ambrosia {unknown}
 t - a potion of curing {unknown}
 x - a potion of degeneration {unknown}
Books
 w - a book of Changes

   Spells                             Type                      Level
   a - Beastly Appendage              Transmutation                1
   b - Sticks to Snakes               Transmutation                2
   c - Spider Form                    Transmutation/Poison         3
   d - Ice Form                       Ice/Transmutation            4
   e - Blade Hands                    Transmutation                5
Comestibles
 f - 4 bread rations
 q - 4 fruits


   Skills:
 + Level 4.2 Fighting
 + Level 3.7 Long Blades
 + Level 4.4 Armour
 + Level 0.4 Dodging
 + Level 5.0 Shields


You had 3 spell levels left.
You didn't know any spells.

Dungeon Overview and Level Annotations

Branches:
Dungeon (3/15)

Altars:
Qazlal
Zin


Innate Abilities, Weirdness & Mutations

You reflexively headbutt those who attack you in melee.
You have a pair of horns on your head.


Message History

You feel sick.
Eating one of 3 chunks of flesh.
You eat one of the 3 chunks of flesh.
This raw flesh tastes terrible.
You feel sick.
You feel sick.
Found 16 bolts.
A giant cockroach comes into view.
You see here a thin fluorescent amulet.
An adder comes into view.
You feel sick.
You are no longer poisoned.
The adder hisses angrily.
The giant cockroach bites you but does no damage.
You closely miss the giant cockroach.
The giant cockroach bites you but does no damage.
The adder bites you but does no damage. The giant cockroach closely misses you.
You furiously retaliate!
You headbutt the giant cockroach.
You kill the giant cockroach!
All of the chunks of flesh in your inventory have rotted away.
The adder bites you.
You die...

########..#######
.........########
######..........
####
#####.########(
...# #.....# ##
#..# #.#####
#..####.#
#..S##.# #..@.."#
#(.....# #......#
#?.....# ########


You could see an adder.

Vanquished Creatures
  An orc wizard (D:3)
  2 adders (D:2)
  2 oozes (D:2)
  2 leopard geckos
  10 orcs
  3 giant cockroaches
  5 goblins
  3 hobgoblins
  6 jackals
  11 kobolds
  A ball python (D:2)
  6 bats
  5 frilled lizards
  9 rats
66 creatures vanquished.

Notes
Turn   | Place    | Note
-------+----------+-------------------------------------------
     0 | D:1      | Peloso the Minotaur Fighter began the quest for the Orb.
     0 | D:1      | Reached XP level 1. HP: 19/19 MP: 0/0
   149 | D:1      | Reached XP level 2. HP: 26/27 MP: 1/1
   240 | D:1      | Reached skill level 4 in Shields
   813 | D:2      | Reached XP level 3. HP: 33/33 MP: 2/2
   842 | D:2      | You fall through a shaft!
   849 | D:3      | Found a stormy altar of Qazlal.
   978 | D:3      | Reached XP level 4. HP: 34/40 MP: 3/3
  1286 | D:2      | Found a glowing silver altar of Zin.
  2047 | D:3      | Reached skill level 5 in Shields
  2287 | D:3      | HP: 2/40 [poisoned by a kobold]
  2290 | D:3      | Slain by an adder

Skill      XL: |  1  2  3  4 |
---------------+-------------+-----
Shields        | 4 5 |  5.0
Armour         | 4 |  4.4
Long Blades    | 3 |  3.7
Fighting       | 4 |  4.2
Dodging        | |  0.4

Action                   |  1- 3 |  4- 6 || total
-------------------------+-------+-------++-------
Melee: Long sword        |    88 |    42 ||   130
       Headbutt          |    15 |    10 ||    25
  Eat: Chunk             |       |     5 ||     5
Armor: Scale mail        |    60 |    36 ||    96
Dodge: Dodged            |    29 |    14 ||    43
Block: Shield            |    67 |    27 ||    94
       Rpst.: Long sword |     8 |     5 ||    13
